 Dungeon Crawl Stone Soup version 0.31.0-12-g77e489cdc1 (webtiles) character file.

Game seed: 11679469361003627511

17 LilYaldabaoth01 the Chopper (level 2, -1/26 HPs)
             Began as a Hill Orc Fighter on Feb 11, 2024.
             Frozen to death by an endoplasm (3 damage)
             ... on level 2 of the Dungeon.
             The game lasted 00:01:30 (1132 turns).

LilYaldabaoth01 the Chopper (Hill Orc Fighter)      Turns: 1132, Time: 00:01:31

Health: -1/26      AC:  6    Str: 18    XL:     2   Next: 62%
Magic:  2/2        EV:  9    Int:  8    God:
Gold:   45         SH:  4    Dex: 10    Spells: 1/1 levels left

rFire   . . .        a - +0 war axe
rCold   . . .        c - +0 buckler
rNeg    . . .        b - +0 scale mail
rPois   .            (no helmet)
rElec   .            (no cloak)
rCorr   .            (no gloves)
SInv    .            (no boots)
Will    .....        (no amulet) Stlth
                     (no ring)
HPRegen 0.24/turn    (no ring)
MPRegen 0.08/turn

%: no passive effects
@: no status effects
A: no striking features
a: no special abilities


You were on level 2 of the Dungeon.
You visited 1 branch of the dungeon, and saw 2 of its levels.

You collected 45 gold pieces.

Inventory:

Hand Weapons
 a - a +0 war axe (weapon)
Missiles
 f - 6 javelins (quivered)
 g - a throwing net
Armour
 b - a +0 scale mail (worn)
 c - a +0 buckler (worn)
Jewellery
 i - a +6 ring of intelligence
Scrolls
 e - a scroll of noise {unknown}
 h - a scroll of poison {unknown}
 j - a scroll of teleportation {unknown}
 k - a scroll of identify {unknown}
Potions
 d - a potion of might


   Skills:
 - Level 3.6 Fighting
 + Level 4.2 Axes
 - Level 3.2 Armour
 - Level 3.2 Shields


You had one spell level left.
You didn't know any spells.
Your spell library contained the following spells:

 Spells                   Type           Power      Damage    Failure   Level
 Magic Dart               Conj           0%         1d3       86%         1
 Searing Ray              Conj           0%         2d4       95%         2
 Fulminant Prism          Conj/Alch      0%         3d5       100%        4


Dungeon Overview and Level Annotations

Branches:
Dungeon (2/15)

Altars:


Message History

The stream of webbing hits you but does no damage.
You are caught in a web!
You struggle to detach yourself from the web.
The endoplasm quivers.
The endoplasm jiggles.
Unknown command.
The web tears apart.
The ribbon worm bites you but does no damage.
The endoplasm freezes you.
You are frozen.
The ribbon worm expels a string of sticky webbing.
The stream of webbing hits you but does no damage.
You are caught in a web!
There is a web here.
The web tears apart.
The endoplasm misses you.
The endoplasm attacks as it pursues you!
The endoplasm hits you but does no damage.
You hit the endoplasm.
The endoplasm is lightly wounded.
The endoplasm hits you but does no damage. x2
You hit the endoplasm but do no damage.
The endoplasm is lightly wounded.
You hit the ribbon worm.
The ribbon worm expels a string of sticky webbing.
The stream of webbing misses you. The endoplasm hits you.
You barely miss the endoplasm.
The endoplasm is lightly wounded.
You barely miss the ribbon worm. The endoplasm freezes you.
You are frozen.
The ribbon worm bites you.
* * * LOW HITPOINT WARNING * * *
You barely miss the endoplasm.
The endoplasm is lightly wounded.
You barely miss the ribbon worm. The endoplasm freezes you.
You are frozen.
* * * LOW HITPOINT WARNING * * *
The ribbon worm barely misses you. The endoplasm freezes you.
You are frozen.
You die...

............
..#.......# .#
#.........#
...##.........#
.............#
.......†...#>##
...........#..##.#
..........w......#
..........J@#...
.#......#<###
........#.#
..........#
.#.........
..........
##.........
....#...
####.#....


You could see a ribbon worm and an endoplasm.

Vanquished Creatures
  An endoplasm (D:1)
  A giant cockroach (D:1)
  A goblin (D:1)
  3 hobgoblins
  2 ball pythons (D:1)
  A frilled lizard (D:1)
  6 kobolds (D:1)
  A rat (D:1)
16 creatures vanquished.

Notes
Turn   | Place    | Note
-------+----------+-------------------------------------------
     0 | D:1      | LilYaldabaoth01 the Hill Orc Fighter began the quest for
                  | the Orb.
     0 | D:1      | Reached XP level 1. HP: 19/19 MP: 1/1
   224 | D:1      | Reached skill level 3 in Axes
   366 | D:1      | Reached XP level 2. HP: 20/26 MP: 2/2
   432 | D:1      | Found a faded altar of an unknown god.
   668 | D:1      | Reached skill level 4 in Axes
  1132 | D:2      | Frozen to death by an endoplasm

Illustrated notes

Levels and vault maps discovered:
D:1:      dpeg_arrival_water_temple_mockup, layout_basic, basic_ecumenical_altar
D:2:      layout_rooms

Skill      XL: |  1  2 |
---------------+-------+-----
Axes           | 3 4 |  4.2
Fighting       | |  3.6
Armour         | |  3.2
Shields        | |  3.2

Action                     || total
---------------------------++-------
  Melee: War axe           ||    65
 Armour: Scale mail        ||    45
  Dodge: Dodged            ||    28
  Block: Buckler           ||    12
